 Dungeon Crawl Stone Soup version 0.23-a0-119-ga86c9e7 (webtiles) character file.

518 Amnesiac the Gusty (level 7, -2/46 HPs)
             Began as a Mummy Air Elementalist on Aug 24, 2018.
             Engulfed by a cloud of flame (42 damage)
             ... on level 4 of the Dungeon.
             The game lasted 00:10:27 (2876 turns).

Amnesiac the Gusty (Mummy Air Elementalist)         Turns: 2876, Time: 00:10:28

Health: -2/46      AC:  4    Str: 13    XL:     7   Next: 1%
Magic:  12/15      EV: 12    Int: 15    God:
Gold:   114        SH:  0    Dex: 12    Spells: 10/17 levels left

rFire    x . .     SeeInvis .   c - +0 quarterstaff
rCold    + . .     Gourm    .   (shield currently unavailable)
rNeg     + + +     Faith    .   a - +0 robe
rPois    ∞         Spirit   .   (no helmet)
rElec    .         Reflect  .   f - +0 cloak
rCorr    .         Harm     .   (no gloves)
MR       .....                  h - +0 pair of boots
Stlth    ++........             (no amulet)
HPRegen  0.15/turn              (no ring)
MPRegen  0.14/turn              (no ring)

@: no status effects
A: no food or potions, fire vulnerability, cold resistance 1, negative energy
resistance 3, torment resistance, unbreathing
a: no special abilities


You were on level 4 of the Dungeon.
You were not hungry.

You visited 1 branch of the dungeon, and saw 5 of its levels.

You collected 114 gold pieces.

Inventory:

Hand Weapons
 c - a +0 quarterstaff (weapon)
Armour
 a - a +0 robe (worn)
 f - a +0 cloak (worn)
 h - a +0 pair of boots (worn)
Magical Staves
 j - an uncursed staff of fire
Wands
 d - a wand of acid (8)
Scrolls
 b - a scroll of blinking {!r, unknown}
 e - a scroll of random uselessness {!r, unknown}
 g - 2 scrolls of remove curse {!r, unknown}
 i - 2 scrolls of magic mapping {!r, unknown}
 k - a scroll of identify {!r, unknown}


   Skills:
 - Level 1.5 Dodging
 - Level 1.5 Stealth
 + Level 5.6 Spellcasting
 - Level 0.7 Conjurations
 * Level 5.6 Air Magic


You had 10 spell levels left.
You knew the following spells:

 Your Spells              Type           Power        Failure   Level  Hunger
a - Shock                 Conj/Air       ##..         4%          1    N/A
d - Airstrike             Air            ###.......   14%         4    N/A
z - Swiftness             Chrm/Air       ##......     8%          2    N/A

Your spell library contained the following spells:

 Spells                   Type           Power        Failure   Level  Hunger
 Static Discharge         Conj/Air       ##......     12%         3    N/A
 Lightning Bolt           Conj/Air       ##........   75%         5    N/A

Dungeon Overview and Level Annotations

Branches:
Dungeon (5/15)
 Temple: D:4-7

Altars:
Vehumet


Innate Abilities, Weirdness & Mutations

You do not eat or drink.
Your flesh is vulnerable to fire.
You are immune to poison.
Your flesh is cold resistant. (rC+)
You are immune to negative energy. (rN+++)
You are immune to unholy pain and torment.
You can survive without breathing.


Message History

You start resting.
Magic restored.
You start resting.
HP restored.
You see here an iguana corpse.
You start resting.
A worker ant comes into view.
A worker ant is nearby!
The worker ant twitches its antennae in your direction.
Casting: Shock (safe; 4% risk of failure)
Confirm with . or Enter, or press ? or * to list all spells.
Aiming: Shock (safe; 4% risk of failure)
Press: ? - help, Shift-Dir - straight line, f - worker ant
Aim: a worker ant That beam is likely to hit you.
Continue anyway? [Y]es or [N]o only, please.
That beam is likely to hit you.
Continue anyway?
The zap misses the worker ant.
The zap hits the worker ant.
The worker ant is moderately wounded.
The zap misses you. The worker ant bites you.
You see here an iguana corpse.
Really walk into a travel-excluded area? [Y]es or [N]o only, please.
Really walk into a travel-excluded area? [Y]es or [N]o only, please.
Really walk into a travel-excluded area?
Casting: Shock (safe; 4% risk of failure)
Confirm with . or Enter, or press ? or * to list all spells.
Aiming: Shock (safe; 4% risk of failure)
Press: ? - help, Shift-Dir - straight line, f/p - worker ant
Aim: a worker ant (moderately wounded)
The zap hits the worker ant.
The worker ant is heavily wounded.
The zap hits the worker ant.
The worker ant is almost dead.
The worker ant barely misses you. The worker ant bites you.
Casting: Shock (safe; 4% risk of failure)
Confirm with . or Enter, or press ? or * to list all spells.
Aiming: Shock (safe; 4% risk of failure)
Press: ? - help, Shift-Dir - straight line, f/p - worker ant
Aim: a worker ant (severely wounded)
The zap hits the worker ant.
The worker ant is almost dead.
The zap misses the worker ant.
The worker ant misses you.
Casting: Shock (safe; 4% risk of failure)
Confirm with . or Enter, or press ? or * to list all spells.
Aiming: Shock (safe; 4% risk of failure)
Press: ? - help, Shift-Dir - straight line, f/p - worker ant
Aim: a worker ant (almost dead)
The zap hits the worker ant.
You kill the worker ant!
You have reached level 7!
Things that are here:
a worker ant corpse; an iguana corpse You start resting.
Magic restored.
You see here a frilled lizard corpse.
Really walk into a travel-excluded area?
Really walk into that cloud of flame? [Y]es or [N]o only, please.
Really walk into that cloud of flame?
You are engulfed in blazing flames.
Ouch! That really hurt!
You die...

### #### #. #.. ..# #. #.#
#.# ### #. #.##########.##
### #.. #.
#...?.........###.. #.#
#.##.@.§.######.#.....
#%#####.....§.§......###(...
##.##.###...§.§§.......#.....
#....#...†..§§§..###.##.###..
+...###..†..###### #.#### #.#
+....#.####..# #.# #.#
+..##.## ##..# #.######.#
#..#### ...#####.........
#..# ........#######.#


There were no monsters in sight!

Vanquished Creatures
  Menkaure (D:4)
  A centaur (D:5)
  A crimson imp (D:5)
  A hound (D:4)
  An iguana (D:4)
  4 worker ants
  A worker ant zombie (D:5)
  5 adders
  An adder zombie (D:5)
  3 worms
  4 dart slugs
  A leopard gecko (D:4)
  An orc (D:5)
  2 giant cockroaches
  6 goblins
  5 hobgoblins
  7 jackals
  A quokka (D:3)
  3 ball pythons
  9 bats
  3 frilled lizards
  3 kobolds
  A leopard gecko skeleton (D:4)
  3 rats
68 creatures vanquished.

Notes
Turn   | Place    | Note
-------+----------+-------------------------------------------
     0 | D:1      | Amnesiac the Mummy Air Elementalist began the quest for the Orb.
     0 | D:1      | Reached XP level 1. HP: 13/13 MP: 4/4
   170 | D:1      | Reached XP level 2. HP: 14/19 MP: 2/5
   397 | D:2      | Learned a level 2 spell: Swiftness
   626 | D:2      | Reached XP level 3. HP: 24/24 MP: 0/7
  1224 | D:3      | Reached XP level 4. HP: 30/30 MP: 4/9
  1453 | D:3      | Learned a level 4 spell: Airstrike
  1469 | D:4      | Noticed Menkaure
  1476 | D:4      | Killed Menkaure
  1476 | D:4      | Reached XP level 5. HP: 21/35 MP: 3/11
  1622 | D:5      | Entered Level 5 of the Dungeon
  1664 | D:5      | Noticed a centaur
  1678 | D:5      | Killed a centaur
  1678 | D:5      | Reached skill level 5 in Air Magic
  1678 | D:5      | Reached XP level 6. HP: 7/41 MP: 2/13
  1755 | D:5      | Reached skill level 5 in Spellcasting
  2472 | D:4      | Found a radiant altar of Vehumet.
  2863 | D:4      | Reached XP level 7. HP: 38/46 MP: 10/15
  2876 | D:4      | Engulfed by a cloud of flame

Vault maps used:
D:1:      lightli_arrival_chessboard
D:2:      nicolae_tso_carved_into_rock, first_ration, bh_walls_and_bars
D:3:      chequers_ecumenical_altar_simple
D:4:      fiery_altar_vehumet, amethyst_overflow_temple_binary,
          kennysheep_vampire_church, cheibrodos_sewer_entry_sluice,
          uniq_menkaure
D:5:      kennysheep_generic_room_13

Skill      XL: |  1  2  3  4  5  6 |
---------------+-------------------+-----
Air Magic      | 3 4 5 |  5.6
Spellcasting   | 3 4 5 |  5.6
Dodging        | |  1.5
Stealth        | |  1.5
Conjurations   | |  0.7

Action                   |  1- 3 |  4- 6 |  7- 9 || total
-------------------------+-------+-------+-------++-------
Melee: Unarmed           |    22 |       |       ||    22
       Quarterstaff      |    10 |    11 |       ||    21
 Cast: Shock             |    76 |    82 |     1 ||   159
       Airstrike         |       |     5 |       ||     5
Armor: Robe              |    25 |    17 |       ||    42
Dodge: Dodged            |    30 |    47 |       ||    77

Table legend:
 A = Non-vault XP
 B = Vault XP
 C = Vault XP percentage of total XP
 D = Non-vault monster count
 E = Vault monster count
 F = Vault count percentage of total count
                 A         B        C        D         E       F
            +---------+---------+-------+---------+---------+-------
      Total |     559 |     181 |  24.5 |      65 |       3 |   4.4
            +---------+---------+-------+---------+---------+-------
        D:1 |      17 |       0 |   0.0 |      11 |       0 |   0.0
        D:2 |      50 |       0 |   0.0 |      19 |       0 |   0.0
        D:3 |      41 |       0 |   0.0 |      14 |       0 |   0.0
        D:4 |     204 |     181 |  47.0 |      13 |       3 |  18.8
        D:5 |     247 |       0 |   0.0 |       8 |       0 |   0.0
            +---------+---------+-------+---------+---------+-------
